 Dungeon Crawl Stone Soup version 0.32-a0-22-g6ae6769602 (webtiles) character file.

Game seed: 353271196818856247

95 MacCMillion the Chopper (level 4, -1/35 HPs)
             Began as a Formicid Fighter on Jan 18, 2024.
             Slain by a gnoll
             ... wielding a +0 halberd
              (5 damage)
             ... on level 1 of the Dungeon.
             The game lasted 00:01:43 (1825 turns).

MacCMillion the Chopper (Formicid Fighter)          Turns: 1825, Time: 00:01:43

Health: -1/35      AC:  6    Str: 23    XL:     4   Next: 95%
Magic:  0/4        EV:  9    Int:  7    God:
Gold:   45         SH:  5    Dex: 13    Spells: 3/3 levels left

rFire   . . .        a - +0 war axe
rCold   . . .        c - +0 buckler
rNeg    . . .        b - +0 scale mail
rPois   .            (helmet unavailable)
rElec   .            (no cloak)
rCorr   .            (no gloves)
SInv    +            (no boots)
Will    .....        h - amulet of guardian spirit Stlth
                     (no ring)
HPRegen 0.25/turn    (no ring)
MPRegen 0.09/turn

%: guardian spirit
@: no status effects
A: permanent stasis, dig shafts and tunnels, antennae 3, four strong arms
a: Dig, Shaft Self


You were on level 1 of the Dungeon.
You visited 1 branch of the dungeon, and saw 2 of its levels.

You collected 45 gold pieces.

Inventory:

Hand Weapons
 a - a +0 war axe (weapon)
Armour
 b - a +0 scale mail (worn)
 c - a +0 buckler (worn)
Jewellery
 h - an amulet of guardian spirit (around neck)
Scrolls
 e - a scroll of identify {unknown}
 f - a scroll of revelation {unknown}
 g - a scroll of noise {unknown}
Potions
 d - 2 potions of might
 i - a potion of attraction {unknown}


   Skills:
 - Level 3.2 Fighting
 + Level 4.7 Axes
 - Level 3.2 Armour
 - Level 4.0 Shields


You had 3 spell levels left.
You didn't know any spells.
Your spell library was empty.

Dungeon Overview and Level Annotations

Branches:
Dungeon (2/15)

Altars:


Innate Abilities, Weirdness & Mutations

You cannot be hasted, slowed, berserked, paralysed or teleported.
You can dig through walls and to a lower floor.
You have a pair of large antennae on your head. (SInv)
Your four strong arms can wield two-handed weapons with a shield.


Message History

You start resting.
Magic restored.
HP restored.
You climb downwards.
The gnoll hits you with a +0 flail. The gnoll barely misses you.
The gnoll hits you from afar with a +0 halberd!
There is a stone staircase leading up, spattered with blood here.
The gnoll misses you. You block the gnoll's attack.
The gnoll hits you from afar with a +0 halberd.
You climb upwards.
There is a stone staircase leading down here.
You slash the gnoll!
You kill the gnoll!
Things that are here:
a +0 flail; a gnoll corpse You start resting.
Magic restored.
HP restored.
There is a stone staircase leading down here.
You climb downwards.
You block the gnoll's attack.
There is a stone staircase leading up, spattered with blood here.
You hit the gnoll.
The gnoll is lightly wounded.
The gnoll completely misses you.
The gnoll hits you from afar with a +0 halberd!
The gnoll hits you with a +0 halberd! You block the gnoll's attack.
The gnoll hits you with a +0 halberd!
You climb upwards.
There is a stone staircase leading down here.
You hit the gnoll.
The gnoll is heavily wounded.
The gnoll barely misses you.
You closely miss the gnoll.
The gnoll is heavily wounded.
The gnoll hits you with a +0 halberd!
* * * LOW HITPOINT WARNING * * *
You barely miss the gnoll.
The gnoll is heavily wounded.
The gnoll hits you with a +0 halberd.
You die...

#....########........
#....#♣♣.♣# #......#.
#....#♣.♣.###........
#....'.♣..##...#.....
#....#♣...##...#<....
#....#♣♣.♣##...###...
#..÷)##### ##........
#..)..# #........
#...@.# ###...###
#...g.### ###..##
###'#...# ##...
#.#...# #### #.#...# #
#.#.######## #
#.#.##.>...########
#.#..+.....'.......
####'####.....########


You could see a gnoll.

Vanquished Creatures
  5 gnolls
  An adder (D:2)
  3 ball pythons
  An endoplasm (D:1)
  5 giant cockroaches
  4 goblins (D:1)
  4 hobgoblins (D:1)
  3 kobolds
  3 quokkas (D:1)
  3 bats (D:1)
  A frilled lizard (D:1)
  2 rats (D:1)
35 creatures vanquished.

Notes
Turn   | Place    | Note
-------+----------+-------------------------------------------
     0 | D:1      | MacCMillion the Formicid Fighter began the quest for the
                  | Orb.
     0 | D:1      | Reached XP level 1. HP: 18/18 MP: 1/1
   286 | D:1      | Reached XP level 2. HP: 22/24 MP: 2/2
   762 | D:1      | Reached XP level 3. HP: 29/29 MP: 3/3
  1192 | D:2      | Reached XP level 4. HP: 28/35 MP: 4/4
  1825 | D:1      | Slain by a gnoll

Illustrated notes

Levels and vault maps discovered:
D:1:      minmay_arrival_open_corners, layout_basic, chequers_arboretum
D:2:      layout_loops_ring, minmay_worlds_worst_comb

Skill      XL: |  1  2  3 |
---------------+----------+-----
Axes           | 3 4 |  4.7
Fighting       | |  3.2
Armour         | |  3.2
Shields        | |  4.0

Action                     |  1- 3 |  4- 6 || total
---------------------------+-------+-------++-------
  Melee: War axe           |    83 |    22 ||   105
 Armour: Scale mail        |    54 |    25 ||    79
  Dodge: Dodged            |    35 |    18 ||    53
  Block: Buckler           |    15 |     6 ||    21

Table legend: (Time is in decaauts)
 A = Elapsed time spent in this place.
 B = Non-inter-level travel time spent in this place.
 C = Inter-level travel time spent in this place.
 D = Time resting spent in this place.
 E = Time spent auto-exploring this place.
 F = Levels seen in this place.
 G = Mean time per level.
                   A        B        C        D        E       F      G
               +--------+--------+--------+--------+--------+-----+--------+
         Total |   1864 |   1825 |     39 |    565 |    931 |   2 |  932.0 |
       Dungeon |   1864 |   1825 |     39 |    565 |    931 |   2 |  932.0 |
               +--------+--------+--------+--------+--------+-----+--------+

Top non-repeatable levels by time:
     D:1: 1327 daAuts
     D:2: 537 daAuts
